 Dungeon Sprint DCSS version 0.30.1-4-g462c640d31 (webtiles) character file.

Game seed: 10566318864080748178

2573 boopmooplesden the Grappler (level 9, -6/101 HPs)
             Began as a Troll Berserker on Sept 8, 2023.
             Was a High Priest of Trog.
             Mangled by a kraken (17 damage)
             ... in the Dungeon (Sprint II: "The Violet Keep of Menkaure").
             The game lasted 00:02:24 (569 turns).

boopmooplesden the Grappler (Troll Berserker)        Turns: 569, Time: 00:02:24

Health: -6/101     AC:  5    Str: 31    XL:     9   Next: 32%
Magic:  8/8        EV: 27    Int: 13    God:    Trog [*****.]
Gold:   288        SH:  0    Dex:  9    Spells: 8/8 levels left

rFire   + +          .
                       - Unarmed
rCold   . . .        (no shield)
rNeg    . . .        h - +1 robe "Xohon" {Int+4}
rPois   .            i - +0 hat
rElec   .            (no cloak)
rCorr   .            (gloves unavailable)
SInv    .            (boots unavailable)
Will    .....        j - amulet "Maonoes" {Acrobat -Tele rF++ Int+6}
Stlth   +            (no ring)
HPRegen 1.16/turn    (no ring)
MPRegen 0.11/turn

%: no teleportation, acrobat
@: on berserk cooldown, acrobatic, slowed, very slow
A: large, unfitting armour, claws 3, regeneration 1, shaggy fur 1, tough skin 1,
deterioration 1, screaming 1
a: Renounce Religion, Berserk, Trog's Hand, Brothers in Arms


You were in the Dungeon.
You worshipped Trog.
Trog was extremely pleased with you.
You visited 1 branch You collected 1053 gold pieces.
You spent 765 gold pieces at shops.

Inventory:

Armour
 a - a +0 animal skin
 h - the +1 robe "Xohon" (worn) {Int+4}
   (You bought it in a shop in the Dungeon)

   Int:       It affects your intelligence (+4).
 i - a +0 hat (worn)
Jewellery
 j - the amulet "Maonoes" (around neck) {Acrobat -Tele rF++ Int+6}
   (You bought it in a shop in the Dungeon)

   [amulet of the acrobat]

   It increases your evasion while moving and waiting.
   Int:       It affects your intelligence (+6).
   rF:        It greatly protects you from fire.
   -Tele:     It prevents most forms of teleportation.
Scrolls
 g - a scroll of blinking
Potions
 b - 2 potions of curing
 c - a potion of heal wounds
 d - a potion of haste
 e - 2 potions of magic
 f - a potion of berserk rage


   Skills:
 + Level 9.9 Fighting
 + Level 10.2 Dodging
 + Level 14.6 Unarmed Combat


You had 8 spell levels left.
You didn't know any spells.
Your spell library was empty.

Dungeon Overview and Level Annotations

Branches:
Dungeon (1/1)

Altars:
Dithmenos
Elyvilon
Fedhas
Gozag
Kikubaaqudgha
Makhleb
Nemelex Xobeh
Okawaru
Qazlal
Ru
Sif Muna
Trog
Uskayaw
Vehumet
Wu Jian
Xom
Yredelemnul
Zin
The Shining One
Jiyva
Lugonu

Shops:
D ??:!=[(!!=?[(=:

Annotations:
D exclusion: oklob plant, Roxanne


Innate Abilities, Weirdness & Mutations

You are too large for most types of armour.
You have claws for hands.
Your natural rate of healing is unusually fast.
You are covered in fur. (AC +1)
You have tough skin. (AC +1)
Your body sometimes deteriorates upon taking damage.
You occasionally shout uncontrollably at your foes.


Message History

A tentacle rises from the water!
You scratch the tentacle.
The tentacle is lightly wounded.
The tentacle closely misses you.
You eviscerate the tentacle!!!
You kill the tentacle!
The tentacle closely misses you.
You feel a strong urge to attack something.
The tentacle slaps you!
A tentacle segment comes into view.
You claw the tentacle segment!
The tentacle segment is moderately wounded.
The tentacle barely misses you.
A tentacle segment comes into view.
You claw the tentacle segment! Your claw misses the tentacle segment.
The tentacle segment is heavily wounded.
The tentacle slaps you!
A tentacle segment comes into view.
You eviscerate the tentacle segment!!!
You kill the tentacle segment!
The tentacle misses you. The tentacle barely misses you.
You closely miss the tentacle. The tentacle slaps you.
You mangle the tentacle!!
The tentacle is severely wounded.
You are no longer berserk.
You are exhausted.
You feel yourself slow down. The tentacle slaps you.
The kraken squirts a massive cloud of ink into the water!
The tentacle slaps you.
You scratch the tentacle.
The tentacle is almost dead.
The tentacle slaps you. The tentacle slaps you!! The tentacle slaps you!
The tentacle slaps you.
You mangle the tentacle!!
You kill the tentacle!
The tentacle slaps you!!
* * * LOW HITPOINT WARNING * * *
The tentacle completely misses you. The tentacle closely misses you.
The kraken bites you!
You die...

.### )▓)(?[)??!▓▓
...####▓![$)!")$▓▓
#..##.#▓)[($?!$$▓▓
+..#..#▓[$!$$!$!▓▓
#..#†)#▓$$$()$?[▓▓
#..##)#▓[=!$!?!$▓▓
##.^.##▓▓▓▓▓▓▓'▓▓▓▓+▓
.~~~~~~~†~§§§§..@X§≈▓
.~#'########§###w§§≈▓
.~#_._._...#~~~##§§≈▓
.~#._._._._#~~≈≈####▓
§§#_._._._.#§~§~≈#
~~#._._._._#§§§§§≈#
≈~#.._._._.#~~~~~§+
≈≈#..._._._#§§§§≈~#


You could see a kraken and a tentacle.

Vanquished Creatures
  A yaktaur (D)
  3 polar bears (D)
  A hornet (D)
  2 wyverns (D)
  3 neqoxecs (D)
  Menkaure (D)
  5 water moccasins (D)
  4 scorpions (D)
  A hell rat (D)
  3 worms (D)
  3 tentacles (D)
27 creatures vanquished.

Vanquished Creatures (others)
  5 tentacles (D)
5 creatures vanquished.

Grand Total: 32 creatures vanquished

Notes
Turn   | Place    | Note
-------+----------+-------------------------------------------
     0 | D        | boopmooplesden the Troll Berserker began the quest for the
                  | Orb.
     0 | D        | Reached XP level 1. HP: 22/22 MP: 0/0
     1 | D        | Noticed a neqoxec
     1 | D        | Noticed a neqoxec
     6 | D        | Lost intelligence.
    10 | D        | Noticed a neqoxec
    12 | D        | Killed a neqoxec
    12 | D        | Gained mutation: You occasionally shout uncontrollably at
                  | your foes. [a neqoxec]
    13 | D        | Reached skill level 5 in Fighting
    13 | D        | Reached skill level 5 in Dodging
    13 | D        | Reached skill level 6 in Unarmed Combat
    13 | D        | Reached XP level 2. HP: 35/35 MP: 1/1
    13 | D        | Reached XP level 3. HP: 42/42 MP: 2/2
    13 | D        | Reached XP level 4. HP: 50/50 MP: 3/3
    22 | D        | Killed a neqoxec
    23 | D        | Reached skill level 8 in Unarmed Combat
    23 | D        | Reached XP level 5. HP: 24/61 MP: 4/4
    23 | D        | Reached XP level 6. HP: 26/68 MP: 5/5
    25 | D        | Gained mutation: Your body sometimes deteriorates upon
                  | taking damage. [a neqoxec]
    26 | D        | Killed a neqoxec
    26 | D        | Reached ** piety under Trog
    27 | D        | Reached skill level 9 in Unarmed Combat
    29 | D        | Identified Roxanne's Tome of Amathomancy
    29 | D        | Noticed Roxanne
    89 | D        | Reached *** piety under Trog
    93 | D        | Reached XP level 7. HP: 79/79 MP: 6/6
   102 | D        | Reached skill level 10 in Unarmed Combat
   303 | D        | Noticed a wyvern
   303 | D        | Noticed a wyvern
   305 | D        | Killed a wyvern
   305 | D        | Reached **** piety under Trog
   309 | D        | Killed a wyvern
   310 | D        | Reached skill level 11 in Unarmed Combat
   323 | D        | Found Ogukk's Weapon Shoppe.
   323 | D        | Found Wiqekk's Jewellery Shoppe.
   323 | D        | Found Yval's Magic Scroll Emporium.
   323 | D        | Found Ocuanis's Antique Armour Emporium.
   323 | D        | Found Esuyry Viph's Distillery.
   323 | D        | Found Atwoj's Jewellery Shoppe.
   324 | D        | Found Wyur's Distillery.
   325 | D        | Found Xuviuned's Antique Weapon Shoppe.
   325 | D        | Found Cutwyon's Book Emporium.
   325 | D        | Found Wosob's Antique Armour Emporium.
   327 | D        | Found Ypry's Jewellery Shoppe.
   327 | D        | Found Vuluts's Distillery.
   327 | D        | Noticed a fire dragon
   327 | D        | Noticed an oklob plant
   334 | D        | Reached XP level 8. HP: 56/89 MP: 7/7
   334 | D        | Found Yduumat's Magic Scroll Shoppe.
   334 | D        | Found Xumumm's Magic Scroll Emporium.
   334 | D        | Found Pocethal's Book Shoppe.
   353 | D        | Bought a heavy robe for 96 gold pieces
   353 | D        | Identified the +1 robe "Xohon" {Int+4} (You bought it in a
                  | shop in the Dungeon)
   353 | D        | Bought a hat for 68 gold pieces
   369 | D        | Bought the amulet "Maonoes" {Acrobat -Tele rF++ Int+6} for
                  | 601 gold pieces
   396 | D        | Reached ***** piety under Trog
   420 | D        | Found an iron altar of Okawaru.
   420 | D        | Found an opulent altar of Gozag.
   421 | D        | Found a sparkling altar of Nemelex Xobeh.
   421 | D        | Found a blossoming altar of Fedhas.
   422 | D        | Found a radiant altar of Vehumet.
   422 | D        | Found a burning altar of Makhleb.
   422 | D        | Found a white marble altar of Elyvilon.
   423 | D        | Found a hide-covered altar of Uskayaw.
   423 | D        | Found a corrupted altar of Lugonu.
   423 | D        | Found a shadowy altar of Dithmenos.
   424 | D        | Found a glowing silver altar of Zin.
   424 | D        | Found a bloodstained altar of Trog.
   424 | D        | Found an ancient bone altar of Kikubaaqudgha.
   425 | D        | Found a basalt altar of Yredelemnul.
   425 | D        | Found a shimmering blue altar of Sif Muna.
   425 | D        | Found a viscous altar of Jiyva.
   426 | D        | Found a shimmering altar of Xom.
   426 | D        | Found a sacrificial altar of Ru.
   427 | D        | Found a glowing golden altar of the Shining One.
   427 | D        | Found an ornate altar of the Wu Jian Council.
   427 | D        | Found a stormy altar of Qazlal.
   427 | D        | Noticed a polar bear
   427 | D        | Noticed a polar bear
   428 | D        | Noticed a yaktaur
   428 | D        | Noticed a hornet
   436 | D        | Killed a polar bear
   437 | D        | Reached skill level 12 in Unarmed Combat
   437 | D        | Noticed a polar bear
   440 | D        | Killed a polar bear
   440 | D        | Received a gift from Trog
   442 | D        | Killed a hornet
   443 | D        | Reached skill level 13 in Unarmed Combat
   445 | D        | Killed a polar bear
   450 | D        | Killed a yaktaur
   451 | D        | Reached XP level 9. HP: 77/101 MP: 8/8
   485 | D        | Noticed Menkaure
   488 | D        | Killed Menkaure
   489 | D        | Reached skill level 14 in Unarmed Combat
   497 | D        | Reached skill level 10 in Dodging
   499 | D        | Noticed a kraken
   569 | D        | Mangled by a kraken

Illustrated notes

Levels and vault maps discovered:
D:        the_violet_keep_of_menkaure [sprint2_stairs_cluster_1,
          sprint2_shoproom, sprint2_temple, sprint2_basic_supplies,
          sprint2_obstacle_1, sprint2_obstacle_3, sprint2_obstacle_6,
          sprint2_obstacle_4, sprint2_obstacle_7, sprint2_timed_cluster_1,
          sprint2_smallroom_cluster_1, sprint2_smallroom_final_cluster_1,
          sprint2_transparent_cluster_1, sprint2_second_timed_cluster_1,
          sprint2_sniper_area_1, sprint2_heavy_combat_area_1,
          sprint2_mutation_trap_area_1, sprint2_forest_area_1,
          sprint2_light_combat_area_1, sprint2_behind_water_1,
          sprint2_near_end_vault_1]

Skill      XL: |  1  2  3  4  5  6  7  8  9 |
---------------+----------------------------+-----
Fighting       | 5 6 7 8 9 |  9.9
Dodging        | 5 6 7 8 9 10 | 10.2
Unarmed Combat | 6 8 9 11 13 14 | 14.6

Action                     |  1- 3 |  4- 6 |  7- 9 || total
---------------------------+-------+-------+-------++-------
  Melee: Unarmed           |     6 |    24 |    71 ||   101
         Punch             |       |     2 |     1 ||     3
 Invoke: Berserk           |     1 |       |     3 ||     4
 Armour: Animal skin       |     2 |     1 |     3 ||     6
         Robe              |       |       |    10 ||    10
  Dodge: Dodged            |     1 |     7 |    54 ||    62
